 Dungeon Crawl Stone Soup version 0.30-a0-859-gf88a04b62d (webtiles) character file.

Game seed: 10589000615078434490

52 Esekla the Sneak (level 3, -2/26 HPs)
             Began as an Octopode Delver on Mar 6, 2023.
             Slain by an orc wizard
             ... wielding a +0 dagger
              (3 damage)
             ... on level 5 of the Dungeon.
             The game lasted 00:03:49 (522 turns).

Esekla the Sneak (Octopode Delver)                   Turns: 522, Time: 00:03:50

Health: -2/26      AC:  1    Str: 11    XL:     3   Next: 85%
Magic:  4/4        EV: 13    Int: 14    God:
Gold:   14         SH:  0    Dex: 13    Spells: 3/3 levels left

rFire   . . .      SeeInvis .    a - +0 falchion
rCold   . . .      Faith    .    (no shield)
rNeg    . . .      Spirit   .    (helmet restricted)
rPois   .          Reflect  .    (no amulet)
rElec   .          Rampage  .    (no ring)
rCorr   .                        (no ring)
Will    .....                    (no ring)
Stlth   ++++                     (no ring)
HPRegen 0.24/turn                (no ring)
MPRegen 0.09/turn                (no ring)
                                 (no ring)
                                 (no ring)

@: no status effects
A: almost no armour, amphibious, 8 rings, camouflage 1, gelatinous body 1,
(nimble swimmer 1), tentacles
a: no special abilities


You were on level 5 of the Dungeon.
You visited 2 branches of the dungeon, and saw 2 of its levels.

You collected 14 gold pieces.

Inventory:

Hand Weapons
 a - a +0 falchion (weapon)
Wands
 f - a wand of digging (3)
Scrolls
 b - 2 scrolls of fog
 d - a scroll of fear
 g - a scroll of noise {unknown}
Potions
 c - a potion of resistance {unknown}
 e - a potion of haste


   Skills:
 * Level 3.3 Fighting
 * Level 2.3 Long Blades
 * Level 2.3 Dodging
 + Level 7.4 Stealth
 * Level 0.8 Spellcasting


You had 3 spell levels left.
You didn't know any spells.
Your spell library contained the following spells:

 Spells                   Type           Power      Damage    Failure   Level
 Call Canine Familiar     Summ           0%         N/A       63%         3
 Portal Projectile        Hex/Tloc       0%         N/A       63%         3
 Leda's Liquefaction      Hex/Erth       0%         N/A       95%         4


Dungeon Overview and Level Annotations

Branches:
Dungeon (5/15)             Temple (1/1) D:5

Altars:
Cheibriados
Dithmenos
Fedhas
Kikubaaqudgha
Makhleb
Nemelex Xobeh
Ru
Sif Muna
Trog
Uskayaw
Vehumet
Wu Jian
Xom
Yredelemnul
Zin

Shops:
D:5 [


Innate Abilities, Weirdness & Mutations

You cannot wear most types of armour.
You are amphibious.
You can wear up to eight rings at the same time.
Your skin changes colour to match your surroundings (Stealth+).
Your rubbery body absorbs attacks. (AC +1, EV +1)
((You are camouflaged when in or above water. (Stealth+)))
You have tentacles for arms and can constrict up to eight enemies at once.


Message History

You are confused.
Something hits you. Something hits you.
You're too confused to move!
You hear some strange, mumbled words.
A puff of flame appears from out of thin air!
The puff of flame misses you.
You're too confused to move!
Something hits you.
You completely miss something. Your squeeze misses something.
You feel less confused. Something hits you.
You closely miss something. Something hits you but does no damage.
You miss something. Something hits you but does no damage. Something hits you.
You hit something. Your squeeze misses something.
You hear some strange, mumbled words.
A puff of flame appears from out of thin air!
The puff of flame misses you.
You hit something but do no damage. Your squeeze misses something.
Something barely misses you.
You closely miss something. Something barely misses you.
You closely miss something. Something completely misses you.
You barely miss something. Your squeeze misses something.
You hear some strange, mumbled words.
A magic dart appears from out of thin air!
The magic dart hits you.
You hit something. Something hits you.
* * * LOW HITPOINT WARNING * * *
You hear some strange, mumbled words.
Something tries to affect you, but you resist.
You barely miss something. Your squeeze misses something. Something hits you.
* * * LOW HITPOINT WARNING * * *
You closely miss something. Something barely misses you.
You barely miss something. Something hits you.
* * * LOW HITPOINT WARNING * * *
You closely miss something. Something hits you.
* * * LOW HITPOINT WARNING * * *
You hit something. Something hits you.
* * * LOW HITPOINT WARNING * * *
Something hits you.
You die...

*,###*,,,,,,,* *,* *,*
*,..#*,*,***** *,*** *,*
**#.#*,#,* *,,,* *,*
#.#*.###*#####*###,* *,*
###.##.#.o,#oo.#,_.#,* *,*
.......#..,*.o.*,..#,* *,*
.......##+###+###'##,*****,*
###.#.##........{..#,,,,,,,*
......##....⌠.⌠.@..#,*******
###.#####....⌠....##,* #.#
##..⌠.⌠..##***
#.#######.....##
#.......###.###
#######.....# #######


There were no monsters in sight!

Vanquished Creatures
  5 adders (D:5)
  An ufetubus (D:5)
  A quokka (D:5)
7 creatures vanquished.

Notes
Turn   | Place    | Note
-------+----------+-------------------------------------------
     0 | D:5      | Esekla the Octopode Delver began the quest for the Orb.
     0 | D:5      | Reached XP level 1. HP: 16/16 MP: 1/1
    48 | D:5      | Reached XP level 2. HP: 20/21 MP: 2/2
    54 | D:5      | Reached skill level 7 in Stealth
   102 | D:5      | Reached XP level 3. HP: 23/26 MP: 3/3
   247 | D:5      | Found a staircase to the Ecumenical Temple.
   251 | Temple   | Entered the Ecumenical Temple
   413 | D:5      | Found Pehurph's Armour Shoppe.
   445 | D:5      | Noticed a black bear
   486 | D:5      | Found an ancient bone altar of Kikubaaqudgha.
   491 | D:5      | Found a shimmering blue altar of Sif Muna.
   499 | D:5      | Found a radiant altar of Vehumet.
   522 | D:5      | HP: 1/26 [something (2)]
   522 | D:5      | Slain by an orc wizard

Illustrated notes

Levels and vault maps discovered:
D:5:      layout_loops_ring, palyth_temple_overflow_mages,
          minmay_temple_entry_grid, serial_shops, nicolae_diamond_shop,
          nicolae_half_adder
Temple:   hellmonk_temple_forest_ring

Skill      XL: |  1  2 |
---------------+-------+-----
Stealth        | 7 |  7.4
Fighting       | |  3.3
Long Blades    | |  2.3
Dodging        | |  2.3
Spellcasting   | |  0.8

Action                     || total
---------------------------++-------
  Melee: Falchion          ||    39
         Constrict         ||     5
         Tentacles         ||     3
    Use: Scroll            ||     1
   Stab: Sleeping          ||     3
 Armour: Skin              ||     5
  Dodge: Dodged            ||    17

Table legend: (Time is in decaauts)
 A = Elapsed time spent in this place.
 B = Non-inter-level travel time spent in this place.
 C = Inter-level travel time spent in this place.
 D = Time resting spent in this place.
 E = Time spent auto-exploring this place.
 F = Levels seen in this place.
 G = Mean time per level.
                   A        B        C        D        E       F      G
               +--------+--------+--------+--------+--------+-----+--------+
         Total |    529 |    521 |      8 |    109 |    119 |   2 |  264.5 |
       Dungeon |    391 |    390 |      1 |    109 |      0 |   1 |  391.0 |
        Temple |    137 |    130 |      7 |      0 |    119 |   1 |  137.0 |
               +--------+--------+--------+--------+--------+-----+--------+

Top non-repeatable levels by time:
     D:5: 391 daAuts
  Temple: 137 daAuts
